 Dungeon Crawl Stone Soup version 0.17-a0-2215-g49c1de0 (webtiles) character file.

92 Duffy the Conjurer (level 4, -6/33 HPs)
             Began as a Draconian Conjurer on Oct 27, 2015.
             Mangled by Sigmund
             ... wielding a +0 scythe
              (8 damage)
             ... on level 2 of the Dungeon.
             The game lasted 00:02:54 (2464 turns).

Duffy the Conjurer (Draconian Conjurer)             Turns: 2464, Time: 00:02:54

Health: -6/33      AC:  5    Str: 10    XL:     4   Next: 35%
Magic:  2/8        EV:  7    Int: 16    God:
Gold:   128        SH:  0    Dex: 12    Spells: 3 memorised, 3 levels left

rFire  . . .     SeeInvis .     (no weapon)
rCold  . . .     Clarity  .     (armour unavailable)
rNeg   . . .     SustAt   .     (no shield)
rPois  .         Gourm    .     (helmet restricted)
rElec  .         Spirit   .     (no cloak)
rCorr  .         Warding  .     (no gloves)
rMut   .         Stasis   .     (no boots)
MR     .....                    (no amulet)
Stlth  ++........               (no ring)
                                (no ring)

@: not resistant to hostile enchantments, unstealthy
A: unfitting armour, cold-blooded, AC +5
a: no special abilities


You were on level 2 of the Dungeon.
You were near starving.

You visited 1 branch of the dungeon, and saw 2 of its levels.

You collected 128 gold pieces.


Innate Abilities, Weirdness & Mutations

Your plain brown scales are hard (AC +5).
Your body does not fit into most forms of armour.
You are cold-blooded and may be slowed by cold attacks.


   Skills:
 - Level 1.7 Dodging
 - Level 1.7 Stealth
 + Level 3.1 Spellcasting
 * Level 5.1 Conjurations
 + Level 0.3 Hexes


You had 3 spell levels left.
You knew the following spells:

 Your Spells              Type           Power        Failure   Level  Hunger
a - Magic Dart            Conj           ###.         2%          1    None
d - Dazzling Spray        Conj/Hex       ##......     17%         3    ###....
s - Searing Ray           Conj           ###...       4%          2    ##.....

Inventory:

Missiles
 d - 10 poisoned needles
 f - 50 stones (quivered)
Scrolls
 c - 3 scrolls of recharging {unknown}
 e - 4 scrolls of identify {unknown}
 g - a scroll of random uselessness {unknown}
 h - a scroll of enchant weapon {unknown}
 i - a scroll of remove curse {unknown}
 l - a scroll of amnesia {unknown}
 m - a scroll of fog {unknown}
 o - a scroll of fear {unknown}
Potions
 j - a potion of heal wounds {unknown}
 n - a potion of magic {unknown}
Books
 a - a book of Conjurations
Comestibles
 b - a bread ration
 k - a beef jerky

Dungeon Overview and Level Annotations

Branches:
Dungeon (2/15)

Altars:

Annotations:
D:2 Sigmund


Message History

p - a chunk of flesh Eating a chunk of flesh.
This raw flesh tastes terrible.
You are feeling hungry.
You continue eating. x2
You are feeling very hungry.
HP restored.
Done exploring.
There is a stone staircase leading down here.
You climb downwards.
Level annotation: Sigmund
There is a stone staircase leading up here.
Sigmund hits you from afar with a scythe!
Cast which spell? (? or * to list)
Aiming: Dazzling Spray
Press: ? - help, Shift-Dir - straight line, f - Sigmund
Aim: Sigmund, wielding a scythe and wearing a robe The spray of energy misses Sigmund.
You are near starving!
Sigmund misses you.
Cast which spell? (? or * to list)
Aiming: Dazzling Spray
Press: ? - help, Shift-Dir - straight line, f/p - Sigmund
Aim: Sigmund, wielding a scythe and wearing a robe The spray of energy hits Sigmund.
Sigmund is moderately wounded.
Sigmund hits you with a scythe!
Cast which spell? (? or * to list)
You don't have enough magic to cast that spell.
Sigmund casts a spell at you. The puff of flame hits you!
Sigmund gestures at you while chanting. The magic dart hits you!
There is a stone staircase leading up here.
Sigmund hits you from afar with a scythe!
You die...

# #.#####.......###.
$...##.#.....# #.#. #. #
#........##..###... ..
#.#..###.##รท...)..#(.
### .... ... #.##.##..#
##...######.##.##..#.#
#.....##..@..........#
.......)....#.###..######
........@...#.# #..###...
.....#......#.# #........
.##. #.....##.####.###...
# #.....##......# ####
###......###### ######.#
#.# #.# #.#


You could see Sigmund.

Action                   |  1- 3 |  4- 6 || total
-------------------------+-------+-------++-------
 Cast: Magic Dart        |    47 |    27 ||    74
       Searing Ray       |     2 |     1 ||     3
       Dazzling Spray    |       |     4 ||     4
  Eat: Chunk             |     3 |     1 ||     4

Notes
Turn   | Place    | Note
--------------------------------------------------------------
     0 | D:1      | Duffy the Draconian Conjurer began the quest for the Orb.
     0 | D:1      | Reached XP level 1. HP: 14/14 MP: 3/3
   548 | D:1      | Reached XP level 2. HP: 20/20 MP: 0/5
   552 | D:1      | Learned a level 2 spell: Searing Ray
  1202 | D:2      | Noticed Natasha
  1206 | D:2      | Killed Natasha
  1206 | D:2      | Reached XP level 3. HP: 20/26 MP: 2/7
  1554 | D:2      | Reached skill level 3 in Spellcasting
  1716 | D:2      | Reached XP level 4. HP: 33/33 MP: 6/8
  1730 | D:2      | Reached skill level 5 in Conjurations
  1791 | D:2      | Learned a level 3 spell: Dazzling Spray
  2147 | D:2      | Noticed Sigmund
  2464 | D:2      | Mangled by Sigmund

Vault maps used:
D:1:      minmay_arrival_wavy_path, roderic_lattice_a
D:2:      serial_forest, infiniplex_forest_zigzag_2,
          infiniplex_forest_lined_3_way, infiniplex_forest_clump_curved,
          infiniplex_forest_straight_2, infiniplex_forest_clump_small,
          uniq_sigmund, uniq_natasha

Vanquished Creatures
  Natasha
  3 adders
  An ooze
  A ball python
  2 giant cockroaches
  5 hobgoblins
  4 kobolds
  2 bats
  4 giant newts
  9 goblins
  6 rats
38 creatures vanquished.
